 Dungeon Crawl Stone Soup version 0.24-a0-272-g1411513 (webtiles) character file.

Game seed: 4983483331955716344

179 robertstho the Shooter (level 5, -1/44 HPs)
             Began as a Draconian Wanderer on Apr 25, 2019.
             Was an Initiate of Ashenzari.
             Slain by a worm (8 damage)
             ... on level 2 of the Dungeon.
             The game lasted 00:04:44 (2642 turns).

robertstho the Shooter (Draconian Wanderer)         Turns: 2642, Time: 00:04:44

Health: -1/44      AC:  5    Str: 15    XL:     5   Next: 32%
Magic:  5/5        EV: 11    Int: 12    God:    Ashenzari [......]
Gold:   83         SH:  3    Dex: 11    Spells: 4/4 levels left

rFire    . . .     SeeInvis .   a - +2 mace
rCold    . . .     Gourm    .   e - +0 buckler
rNeg     . . .     Faith    .   (armour unavailable)
rPois    .         Spirit   .   (helmet restricted)
rElec    .         Reflect  .   (no cloak)
rCorr    .         Harm     .   (no gloves)
MR       .....                  (no boots)
Stlth    ++........             (no amulet)
HPRegen  0.14/turn              (no ring)
MPRegen  0.09/turn              (no ring)

@: no status effects
A: unfitting armour, cold-blooded, AC +5
a: Curse Item, Renounce Religion


You were on level 2 of the Dungeon.
You worshipped Ashenzari.
Ashenzari was noncommittal.
You were not hungry.

You visited 1 branch of the dungeon, and saw 3 of its levels.

You collected 83 gold pieces.

Inventory:

Hand Weapons
 a - a +2 mace (weapon)
 b - a +0 hand axe
 c - a +0 shortbow
Missiles
 d - 25 arrows
Armour
 e - a +0 buckler (worn)
Jewellery
 h - an uncursed amulet of harm
Scrolls
 i - a scroll of immolation {unknown}
 j - a scroll of identify {unknown}
 l - 2 scrolls of remove curse
 m - a scroll of random uselessness {unknown}
 n - a scroll of fear {unknown}
Comestibles
 f - 5 rations


   Skills:
 + Level 2.8 Fighting
 + Level 3.4 Maces & Flails
 + Level 4.2 Bows
 + Level 1.0 Throwing
 + Level 1.8 Dodging
 * Level 1.5 Stealth
 + Level 1.4 Shields


You had 4 spell levels left.
You didn't know any spells.
Your spell library was empty.

Dungeon Overview and Level Annotations

Branches:
Dungeon (3/15)

Altars:
Ashenzari


Innate Abilities, Weirdness & Mutations

Your plain brown scales are hard. (AC +5)
You cannot fit into any form of body armour.
You are cold-blooded and may be slowed by cold attacks.


Message History

You hit the orc.
You kill the orc!
You see here a +0 leather armour.
The worm bites you.
You hit the worm but do no damage.
Your tail-slap misses the worm.
You hit the worm.
The worm is moderately wounded.
The worm bites you.
You completely miss the worm.
You tail-slap the worm, but do no damage.
The worm is lightly wounded.
The worm bites you!
* * * LOW HITPOINT WARNING * * *
You barely miss the worm.
The worm is lightly wounded.
You completely miss the worm.
You tail-slap the worm, but do no damage.
The worm is lightly wounded.
The worm bites you!
You die...

#....................
#.##################. #.# #†
#(##################.
#..................#.
################.[##########.#.
#.................# #.#.
#....##########...##########.##
#....# #......@.........w......
#....###.####w....##########o##
#......w..........# #.##
#.....##.#........# #w##
#.....#....#....#.##########.##
#.....###...)..............#o##
#.....# #..#.####.########.#.##
#####w###..#......# #.#...
#...##..######## #.#>##


You could see a worm.

Vanquished Creatures
  2 orc priests (D:3)
  2 adders
  An ooze (D:1)
  A worm (D:2)
  2 dart slugs (D:2)
  2 leopard geckos (D:2)
  9 orcs
  4 giant cockroaches
  11 goblins
  7 hobgoblins
  11 jackals
  A quokka (D:2)
  5 bats
  4 frilled lizards
  4 kobolds
  12 rats
78 creatures vanquished.

Notes
Turn   | Place    | Note
-------+----------+-------------------------------------------
     0 | D:1      | robertstho the Draconian Wanderer began the quest for the
                  | Orb.
     0 | D:1      | robertstho set off with the following items: a +2 mace, a
                  | +0 hand axe, a +0 shortbow, 25 arrows, a ration
     0 | D:1      | Reached XP level 1. HP: 17/17 MP: 1/1
   481 | D:1      | Reached skill level 4 in Bows
   481 | D:1      | Reached XP level 2. HP: 23/24 MP: 2/2
   731 | D:1      | Reached XP level 3. HP: 28/29 MP: 3/3
  1404 | D:2      | Found a shattered altar of Ashenzari.
  1445 | D:2      | Became a worshipper of Ashenzari the Shackled
  1506 | D:2      | Reached skill level 1 in Dodging
  1740 | D:2      | Reached XP level 4. HP: 37/37 MP: 4/4
  1992 | D:2      | Reached skill level 1 in Stealth
  2310 | D:3      | Reached XP level 5. HP: 42/42 MP: 5/5
  2642 | D:2      | Slain by a worm

Levels and vault maps discovered:
D:1:      lightli_arrival_chessboard, layout_basic
D:2:      layout_basic, palyth_stone_intersect, nicolae_ashenzari_panopticon
D:3:      layout_loops_ring, nicolae_overflow_crystal_walls, uniq_jessica

Skill      XL: |  1  2  3  4 |
---------------+-------------+-----
Bows           | 4 |  4.2
Dodging        | 1 |  1.8
Stealth        | 1 |  1.5
Maces & Flails | 3 |  3.4
Fighting       | |  2.8
Throwing       | |  1.0
Shields        | |  1.4

Action                   |  1- 3 |  4- 6 || total
-------------------------+-------+-------++-------
Melee: Mace              |   140 |    86 ||   226
       Tailslap          |     8 |    10 ||    18
  Use: Scroll            |     1 |       ||     1
       Potion            |       |     1 ||     1
 Stab: Distracted        |     1 |       ||     1
       Sleeping          |     1 |       ||     1
  Eat: Chunk             |     3 |     3 ||     6
Armor: Skin              |    48 |    20 ||    68
Dodge: Dodged            |    98 |    49 ||   147
Block: Buckler           |    12 |    18 ||    30

Table legend:
 A = Non-vault XP
 B = Vault XP
 C = Vault XP percentage of total XP
 D = Non-vault monster count
 E = Vault monster count
 F = Vault count percentage of total count
                 A         B        C        D         E       F
            +---------+---------+-------+---------+---------+-------
      Total |     256 |       0 |   0.0 |      78 |       0 |   0.0
            +---------+---------+-------+---------+---------+-------
        D:1 |      53 |       0 |   0.0 |      29 |       0 |   0.0
        D:2 |      81 |       0 |   0.0 |      36 |       0 |   0.0
        D:3 |     122 |       0 |   0.0 |      13 |       0 |   0.0
            +---------+---------+-------+---------+---------+-------
